 Dungeon Crawl Stone Soup version 0.27.1-34-g3ba077fa99 (webtiles) character file.

Game seed: 16761216584631822428

1780 Delamore the Unseen (level 9, -2/54 HPs)
             Began as an Octopode Brigand on Feb 7, 2022.
             Was an Initiate of Gozag.
             Slain by a sky beast (6 damage)
             ... on level 6 of the Dungeon.
             The game lasted 00:05:45 (6515 turns).

Delamore the Unseen (Octopode Brigand)              Turns: 6515, Time: 00:05:45

Health: -2/54      AC:  1    Str: 10    XL:     9   Next: 8%
Magic:  9/9        EV: 13    Int: 13    God:    Gozag
Gold:   268        SH:  0    Dex: 21    Spells: 8/8 levels left

rFire    . . .     SeeInvis .   a - +3 dagger (elec)
rCold    + . .     Faith    .   (no shield)
rNeg     . . .     Spirit   .   (helmet restricted)
rPois    +         Reflect  .   (no amulet)
rElec    .         Harm     .   p - ring "Lupp" {rPois rC+ rCorr Dex+4}
rCorr    +         Rampage  .   (no ring)
Will     .....                  (no ring)
Stlth    +++++++...             (no ring)
HPRegen  0.18/turn              (no ring)
MPRegen  0.11/turn              (no ring)
                                (no ring)
                                (no ring)

@: studying Stealth
A: almost no armour, amphibious, 8 rings, camouflage 1, gelatinous body 1,
(nimble swimmer 1), tentacles
a: Renounce Religion, Potion Petition, Call Merchant, Bribe Branch


You were on level 6 of the Dungeon.
You worshipped Gozag.
Gozag was aware of your devotion.
You visited 2 branches of the dungeon, and saw 7 of its levels.

You collected 435 gold pieces.
You spent 126 gold pieces at shops.
You paid 41 gold pieces to Gozag.

Inventory:

Hand Weapons
 a - a +3 dagger of electrocution (weapon)
 x - a +0 dagger of speed
Missiles
 b - 40 poisoned darts (quivered)
 c - 2 curare-tipped darts
 s - 2 boomerangs of dispersal
 t - 3 boomerangs
Jewellery
 p - the ring "Lupp" (left tentacle) {rPois rC+ rCorr Dex+4}
   (You acquired it on level 2 of the Dungeon)

   [ring of protection from cold]

   Dex:       It affects your dexterity (+4).
   rC:        It protects you from cold.
   rPois:     It protects you from poison.
   rCorr:     It protects you from acid and corrosion.
Scrolls
 f - a scroll of enchant armour
 g - a scroll of vulnerability
 h - a scroll of enchant weapon
 j - 2 scrolls of teleportation
 m - 2 scrolls of magic mapping {unknown}
 n - 2 scrolls of amnesia
 u - a scroll of blinking
 w - a scroll of fog {unknown}
Potions
 d - a potion of lignification {unknown}
 e - a potion of might {unknown}
 i - 2 potions of brilliance {unknown}
 k - a potion of curing
 l - a potion of heal wounds {unknown}
 o - a potion of berserk rage {unknown}
 q - 2 potions of magic {unknown}
 r - a potion of resistance {unknown}
 v - a potion of degeneration {unknown}


   Skills:
 - Level 2.0 Fighting
 + Level 7.8 Short Blades
 - Level 2.0 Throwing
 - Level 1.0 Dodging
 - Level 15.0 Stealth


You had 8 spell levels left.
You didn't know any spells.
Your spell library contained the following spells:

 Spells                   Type           Power      Damage    Failure   Level
 Sting                    Tmut/Pois      0%         1d3       30%         1
 Poisonous Vapours        Pois/Air       0%         N/A       43%         2
 Olgreb's Toxic Radiance  Pois           0%         N/A       97%         4


Dungeon Overview and Level Annotations

Branches:
Dungeon (6/15)             Temple (1/1) D:4

Altars:
Ashenzari
Cheibriados
Dithmenos
Elyvilon
Fedhas
Gozag
Hepliaklqana
Kikubaaqudgha
Makhleb
Nemelex Xobeh
Okawaru
Qazlal
Ru
Sif Muna
Trog
Uskayaw
Vehumet
Wu Jian
Xom
Yredelemnul
The Shining One

Shops:
D:1 (   D:2 *   D:6 :


Innate Abilities, Weirdness & Mutations

You cannot wear most types of armour.
You are amphibious.
You can wear up to eight rings at the same time.
Your skin changes colour to match your surroundings (Stealth+).
Your rubbery body absorbs attacks. (AC +1, EV +1)
((You are camouflaged near water. (Stealth+)))
You have tentacles for arms and can constrict up to eight enemies at once.


Message History

You hit the sky beast.
The sky beast is heavily wounded.
The sky beast flickers out of sight!
Something hits you. Something shocks you.
No target in view!
No target in view!
No target in view!
No target in view!
No target in view!
No target in view!
No target in view!
No target in view!
No target in view!
No target in view!
No target in view!
You hit something but do no damage. You barely miss something.
Something hits you. Something shocks you.
You miss something. You hit something. Something hits you but does no damage.
You closely miss something. Something hits you. Something shocks you.
* * * LOW HITPOINT WARNING * * *
You hit something. You miss something. Something completely misses you.
You hit something but do no damage. You squeeze something.
You closely miss something. Something hits you.
* * * LOW HITPOINT WARNING * * *
Something shocks you.
* * * LOW HITPOINT WARNING * * *
You feel better. Something hits you.
* * * LOW HITPOINT WARNING * * *
Something shocks you.
* * * LOW HITPOINT WARNING * * *
You feel better. Something hits you.
* * * LOW HITPOINT WARNING * * *
Something shocks you.
* * * LOW HITPOINT WARNING * * *
You miss something. Something hits you.
* * * LOW HITPOINT WARNING * * *
Something shocks you.
You die...
Your body crumbles into a pile of gold.

.# .# .# .#
.####################
.Y..o.............≈.#
###################.#
................{##.#
################@##.######
...........$...$$.........>
.###############.##.#.#####
.# #.##.#.# .# #)##.# # .#
#.##.# .# ..##.# ## #####.#
.#


There were no monsters in sight!

Vanquished Creatures
  Grinder (D:4)
  An orc warrior (D:6)
  An ice beast (D:6)
  A sky beast (D:6)
  A necrophage (D:6)
  2 black bears (D:6)
  An ogre (D:5)
  A centaur (D:5)
  A scorpion (D:5)
  A water moccasin zombie (D:5)
  A bullfrog zombie (D:6)
  A centaur skeleton (D:6)
  3 hounds
  A bullfrog skeleton (D:5)
  2 jellies
  5 iguanas
  4 orc wizards
  6 gnolls
  8 adders
  3 white imps
  2 worms
  3 dart slugs
  14 orcs
  7 bats
  12 endoplasms
  7 giant cockroaches
  6 goblins
  9 hobgoblins
  7 jackals
  4 quokkas
  7 ball pythons
  A frilled lizard (D:3)
  4 kobolds
  8 rats
136 creatures vanquished.

Notes
Turn   | Place    | Note
-------+----------+-------------------------------------------
     0 | D:1      | Delamore the Octopode Brigand began the quest for the Orb.
     0 | D:1      | Reached XP level 1. HP: 14/14 MP: 1/1
   111 | D:1      | Reached XP level 2. HP: 19/19 MP: 2/2
   244 | D:1      | Reached skill level 6 in Stealth
   283 | D:1      | Found Votuamer's Antique Weapon Boutique.
   490 | D:1      | Reached XP level 3. HP: 24/24 MP: 3/3
  1798 | D:2      | Found Mosig's General Store.
  1806 | D:2      | Bought a potion of curing for 36 gold pieces
  2007 | D:3      | Reached skill level 7 in Stealth
  2007 | D:3      | Reached XP level 4. HP: 29/29 MP: 4/4
  2525 | D:3      | Found a shadowy altar of Dithmenos.
  2575 | D:3      | Found a faded altar of an unknown god.
  2660 | D:3      | Reached XP level 5. HP: 34/34 MP: 5/5
  2976 | D:4      | Noticed Grinder
  2979 | D:4      | Reached skill level 8 in Stealth
  2983 | D:4      | Killed Grinder
  2984 | D:4      | Reached skill level 9 in Stealth
  2984 | D:4      | Reached XP level 6. HP: 39/39 MP: 6/6
  3000 | D:4      | Found a staircase to the Ecumenical Temple.
  3025 | Temple   | Entered the Ecumenical Temple
  3159 | Temple   | Became a worshipper of Gozag Ym Sagoz the Greedy
  3530 | D:4      | Identified the +3 pair of boots "Fawnebri" {rN+ Str+2
                  | Dex+2}
  3725 | D:4      | Reached XP level 7. HP: 28/45 MP: 7/7
  3930 | D:2      | Bought a scroll of blinking for 90 gold pieces
  3932 | D:2      | Identified 2 scrolls of acquirement
  3932 | D:2      | Acquired the ring "Lupp" {rPois rC+ rCorr Dex+4}
  3934 | D:2      | Acquired a manual of Stealth
  4006 | D:5      | Entered Level 5 of the Dungeon
  4014 | D:5      | Reached skill level 10 in Stealth
  4429 | D:5      | Reached skill level 11 in Stealth
  4653 | D:5      | Reached skill level 5 in Short Blades
  4672 | D:5      | Reached skill level 12 in Stealth
  4721 | D:5      | Reached XP level 8. HP: 37/50 MP: 8/8
  5054 | D:5      | Reached skill level 13 in Stealth
  5848 | D:6      | Reached skill level 14 in Stealth
  6274 | D:6      | Reached skill level 15 in Stealth
  6294 | D:6      | Found Waz Qeh's Self-Improvement Boutique.
  6467 | D:6      | Reached XP level 9. HP: 54/54 MP: 9/9
  6515 | D:6      | Slain by a sky beast

Illustrated notes

Levels and vault maps discovered:
D:1:      onia_arrival_mini_spirals, layout_basic, serial_shops, shop,
          palyth_stone_intersect
D:2:      layout_basic, serial_shops, shop, kennysheep_path_1, roderic_lattice_a
D:3:      layout_rooms, grunt_dithmenos_smoke_and_mirrors,
          hellmonk_ecumenical_altar_heavens_door,
          amcnicky_mini_rare_corridor_liquid, chequers_jeans,
          minmay_diced_spiral
D:4:      layout_basic, minmay_temple_entry_steel_oval, hex_intersection,
          uniq_grinder
D:5:      layout_cave_pods
D:6:      layout_basic, st_stairs_4, nicolae_shop_self_help
Temple:   regret_index_temple_chain_breaker

Skill      XL: |  1  2  3  4  5  6  7  8 |
---------------+-------------------------+-----
Stealth        | 6 7 9 12 15 | 15.0
Short Blades   | 3 4 5 7 |  7.8
Fighting       | |  2.0
Throwing       | |  2.0
Dodging        | |  1.0

Action                   |  1- 3 |  4- 6 |  7- 9 || total
-------------------------+-------+-------+-------++-------
Melee: Dagger            |    83 |    75 |   120 ||   278
       Constrict         |    12 |    17 |    14 ||    43
       Tentacles         |     9 |    15 |    23 ||    47
Throw: Dart              |       |     1 |       ||     1
  Use: Scroll            |     3 |     2 |     4 ||     9
       Potion            |       |       |     2 ||     2
 Stab: Sleeping          |    17 |    20 |    16 ||    53
       Distracted        |       |     1 |     3 ||     4
Armor: Skin              |     7 |     4 |     7 ||    18
Dodge: Dodged            |    27 |    28 |    64 ||   119
